 Dungeon Crawl Stone Soup version 0.18.1-50-g88ac8fd (webtiles) character file.

283 Dioneo the Skirmisher (level 6, -3/61 HPs)
             Began as a Deep Dwarf Fighter on Oct 14, 2016.
             Killed from afar by Dioneo's ghost (21 damage)
             ... with a flame tongue
             ... on level 4 of the Dungeon.
             The game lasted 00:09:44 (2558 turns).

Dioneo the Skirmisher (Deep Dwarf Fighter)          Turns: 2558, Time: 00:09:45

Health: -3/61      AC: 10    Str: 22    XL:     6   Next: 7%
Magic:  6/6        EV:  7    Int:  8    God:
Gold:   96         SH:  9    Dex: 12    Spells: 0 memorised, 5 levels left

rFire  . . .     SeeInvis .     a - +0 war axe
rCold  . . .     Gourm    .     b - +0 scale mail
rNeg   . . .     Faith    .     c - +0 shield
rPois  .         Spirit   .     y - +0 helmet
rElec  .         Dismiss  .     (no cloak)
rCorr  .         Reflect  .     w - +0 pair of gloves
SustAt .         Harm     .     q - +0 pair of boots {Fly}
MR     .....                    (no amulet)
Stlth  ..........               (no ring)
                                (no ring)

@: lethally poisoned (-3 -> -3), flying, non-regenerating, not resistant to
hostile enchantments, extremely unstealthy
A: damage resistance, recharge devices, sense surroundings 1, slow regeneration
3
a: Device Recharging, Stop Flying


You were on level 4 of the Dungeon.
You were not hungry.

You visited 1 branch of the dungeon, and saw 4 of its levels.

You collected 96 gold pieces.

Inventory:

Hand Weapons
 a - a +0 war axe (weapon)
 A - a +0 blowgun
Missiles
 i - 40 poisoned needles
Armour
 b - a +0 scale mail (worn)
 c - a +0 shield (worn)
 q - a +0 pair of boots of flying (worn)
 w - a +0 pair of gloves (worn)
 y - a +0 helmet (worn)
Jewellery
 E - a +5 ring of intelligence {unknown}
Wands
 e - a wand of heal wounds (1/9)
Scrolls
 h - a scroll of blinking {unknown}
 l - a scroll of fear
 n - a scroll of teleportation
 o - a scroll of immolation {unknown}
 s - a scroll of enchant armour {unknown}
 t - a scroll of random uselessness {unknown}
 z - a scroll of magic mapping {unknown}
 D - a scroll of amnesia {unknown}
Potions
 d - 2 potions of might
 g - 2 potions of curing
 m - a potion of agility
 r - a potion of heal wounds
 v - a potion of cancellation
 x - a potion of magic {unknown}
 B - a potion of lignification {unknown}
Comestibles
 f - a bread ration
 j - 2 meat rations
 k - 3 chunks of flesh
 p - 9 fruits
 u - 2 beef jerkies
 C - a slice of pizza


   Skills:
 * Level 5.0 Fighting
 + Level 3.5 Axes
 + Level 4.6 Armour
 - Level 3.2 Shields


You had 5 spell levels left.
You didn't know any spells.

Dungeon Overview and Level Annotations

Branches:
Dungeon (4/15)
 Temple: D:4-7

Altars:
Ashenzari
Dithmenos

Annotations:
D:4 Dioneo's ghost, amateur DEFE


Innate Abilities, Weirdness & Mutations

You are resistant to damage.
You can recharge devices by infusing magical energy.
You passively map a small area around you.
You do not regenerate naturally.


Message History

You completely miss Dioneo's ghost.
Dioneo's ghost is moderately damaged.
Dioneo's ghost hits you.
You are more poisoned.
You hit Dioneo's ghost.
Dioneo's ghost is heavily damaged.
Dioneo's ghost gestures at you while chanting.
The flame tongue hits you!
Dioneo's ghost hits you but does no damage.
You hit Dioneo's ghost but do no damage.
Dioneo's ghost is moderately damaged.
You block Dioneo's ghost's attack.
You hit Dioneo's ghost.
Dioneo's ghost is heavily damaged.
Dioneo's ghost casts a spell at you. The puff of flame hits you!
* * * LOW HITPOINT WARNING * * *
Dioneo's ghost points at you and mumbles some strange words.
The flame tongue hits you!
You die...

, ####.# * ****,, * #.## ,
##.# , #.# , ##.# #####
##..# ####.((####..## ,
.........W.....#
.....#####@....############
..<. #(.#..)........... *
*#.. #...##.(.......... ..
#......########.... * * .,
* ##..##..#* ##... * ,
#..##...# *#.... *
#..(..... *,#..... * ,
*,.#.... .. ....#.# ** , ,
# #..., ...##..


You could see Dioneo's ghost.

Vanquished Creatures
  A centaur (D:4)
  An orc priest (D:3)
  Robin (D:3)
  4 gnolls (D:2)
  3 adders
  3 worms (D:3)
  A dart slug (D:1)
  3 giant geckos
  4 orcs (D:3)
  A ball python (D:3)
  3 giant cockroaches
  15 goblins
  8 hobgoblins
  6 jackals
  6 kobolds
  A quokka (D:3)
  6 bats
  7 giant newts
  9 rats
83 creatures vanquished.

Notes
Turn   | Place    | Note
--------------------------------------------------------------
     0 | D:1      | Dioneo the Deep Dwarf Fighter began the quest for the Orb.
     0 | D:1      | Reached XP level 1. HP: 20/20 MP: 1/1
   220 | D:1      | Reached skill level 3 in Fighting
   303 | D:1      | Reached XP level 2. HP: 25/28 MP: 2/2
   914 | D:2      | Reached XP level 3. HP: 28/34 MP: 3/3
  1180 | D:2      | Reached XP level 4. HP: 12/44 MP: 4/4
  1194 | D:2      | Reached skill level 4 in Fighting
  1819 | D:3      | Reached XP level 5. HP: 22/51 MP: 5/5
  1830 | D:3      | Found a shadowy altar of Dithmenos.
  1860 | D:3      | Found a shattered altar of Ashenzari.
  2210 | D:3      | Noticed Robin
  2221 | D:3      | Killed Robin
  2530 | D:4      | Noticed a centaur
  2531 | D:4      | Noticed Dioneo's ghost (amateur DEFE)
  2544 | D:4      | Killed a centaur
  2544 | D:4      | Reached skill level 5 in Fighting
  2544 | D:4      | Reached XP level 6. HP: 31/61 MP: 6/6
  2558 | D:4      | Killed from afar by Dioneo's ghost

Skill      XL: |  1  2  3  4  5 |
---------------+----------------+-----
Fighting       | 3 4 5 |  5.0
Armour         | 4 |  4.6
Axes           | 3 |  3.5
Shields        | |  3.2

Action                   |  1- 3 |  4- 6 || total
-------------------------+-------+-------++-------
Melee: War axe           |   104 |   192 ||   296
Evoke: Wand              |       |     4 ||     4
  Use: Scroll            |     1 |     5 ||     6
  Eat: Chunk             |     1 |     5 ||     6
Armor: Scale mail        |    50 |   101 ||   151
Dodge: Dodged            |    39 |    63 ||   102
Block: Shield            |    55 |    97 ||   152
